 Dungeon Crawl Stone Soup version 0.27-a0-1202-ge72e49191c (webtiles) character file.

Game seed: 10374255722007797417

116 deadmanwalking the Covert (level 4, 0/34 HPs)
             Began as a Vampire Delver on June 4, 2021.
             Slain by an iguana (10 damage)
             ... on level 5 of the Dungeon.
             The game lasted 00:02:50 (570 turns).

deadmanwalking the Covert (Vampire Delver)           Turns: 570, Time: 00:02:51

Health: 0/34       AC:  3    Str: 11    XL:     4   Next: 70%
Magic:  4/4        EV: 12    Int: 13    God:
Gold:   40         SH:  0    Dex: 15    Spells: 3/3 levels left

rFire    . . .     SeeInvis +   h - +0 rapier
rCold    . . .     Faith    .   (no shield)
rNeg     . . .     Spirit   .   b - +0 leather armour
rPois    .         Reflect  .   (no helmet)
rElec    .         Harm     .   (no cloak)
rCorr    .         Rampage  .   (no gloves)
Will     .....                  (no boots)
Stlth    ++++......             (no amulet)
HPRegen  0.31/turn              (no ring)
MPRegen  0.09/turn              (no ring)

@: healing quickly
A: alive, fangs 3, see invisible, vampiric 2
a: Exsanguinate


You were on level 5 of the Dungeon.
You visited 1 branch of the dungeon, and saw 2 of its levels.

You collected 40 gold pieces.

Inventory:

Hand Weapons
 a - a +0 short sword
 h - a +0 rapier (weapon)
Missiles
 j - 14 arrows
 k - 35 stones (quivered)
Armour
 b - a +0 leather armour (worn)
Wands
 g - a wand of digging (3)
Scrolls
 c - a scroll of fog
 d - a scroll of magic mapping
 i - a scroll of identify {unknown}
Potions
 f - 2 potions of haste


   Skills:
 - Level 2.6 Fighting
 * Level 4.1 Short Blades
 + Level 3.2 Dodging
 + Level 8.1 Stealth


You had 3 spell levels left.
You didn't know any spells.
Your spell library was empty.

Dungeon Overview and Level Annotations

Branches:
Dungeon (5/15)
 Temple: D:4-7

Altars:

Annotations:
D:4 Blork the orc, Dowan, Duvessa


Innate Abilities, Weirdness & Mutations

Your natural rate of healing is accelerated.
You have razor-sharp teeth.
You have supernaturally acute eyesight. (SInv)
You are afflicted with vampirism and can become a bat while bloodless.


Message History

An iguana comes into view.
Blork the orc comes into view.
He is wielding a +0 scimitar.
You can't go up here!
The orc barely misses you.
You climb downwards.
There is a stone staircase leading up here.
You closely miss the orc. The orc closely misses you.
You puncture the orc!
You kill the orc!
No target in view!
You can't go down here!
Unknown command.
You climb upwards.
Level annotation: Blork the orc, Dowan, Duvessa The ball python barely misses you.
The ball python misses you. The orc hits you with a +0 flail.
The ball python misses you. The ball python barely misses you.
There is a stone staircase leading down, spattered with blood here.
The ball python closely misses you. The ball python barely misses you.
The iguana bites you. The orc hits you with a +0 flail.
You climb downwards.
There is a stone staircase leading up here.
You closely miss the iguana. You bite the iguana, but do no damage.
The iguana misses you.
You hit the iguana but do no damage. The iguana bites you.
You barely miss the iguana. The iguana barely misses you.
You hit the iguana.
The iguana is moderately wounded.
The iguana bites you!
* * * LOW HITPOINT WARNING * * *
You hit the iguana but do no damage.
The iguana is moderately wounded.
The iguana closely misses you.
You hit the iguana. You bite the iguana, but do no damage.
The iguana is heavily wounded.
The iguana closely misses you.
You barely miss the iguana.
The iguana is heavily wounded.
The iguana bites you!
You die...

#########
#####.......#####.#
#..................
#.##........#####
#.#.......#.# ...# #.#
#.#..####.#.### #...
#.# #.#..##So.#...#
#..# #.#
#.#..##l#####.# #..#
#.# #.#..##@# #.# #..#
#.# #.###########.##
#..# #.#
#.#............# #..#
##o# #.#.#########..#
#..# ##o# #.#.#
#........# #..# ##.#
#.#.# #.####...# #..#
.#.# #.#.###.####...#
#..# ##)#
#.#.##.....#...####..#
#)#
#.#.##.....#...[.....#


You could see an iguana, an orc and a ball python.

Vanquished Creatures
  A necrophage (D:5)
  An orc wizard (D:5)
  3 orcs (D:5)
  A quokka (D:5)
6 creatures vanquished.

Notes
Turn   | Place    | Note
-------+----------+-------------------------------------------
     0 | D:5      | deadmanwalking the Vampire Delver began the quest for the
                  | Orb.
     0 | D:5      | Reached XP level 1. HP: 17/17 MP: 1/1
    52 | D:5      | Noticed a necrophage
    64 | D:5      | Killed a necrophage
    65 | D:5      | Reached skill level 8 in Stealth
    65 | D:5      | Reached XP level 2. HP: 20/23 MP: 2/2
    65 | D:5      | Gained mutation: You are afflicted with vampirism and can
                  | become a bat while bloodless. [Vampire growth]
    65 | D:5      | Reached XP level 3. HP: 25/28 MP: 3/3
    65 | D:5      | Reached XP level 4. HP: 30/34 MP: 4/4
   485 | D:4      | Noticed Duvessa
   485 | D:4      | Noticed Dowan
   555 | D:4      | Noticed Blork the orc
   570 | D:5      | Slain by an iguana

Illustrated notes

Levels and vault maps discovered:
D:4:      layout_cave_pools, minmay_misc_feat_encased, st_stairs_10,
          kennysheep_opposing_triangles, uniq_sigmund, uniq_blork_the_orc,
          uniq_edmund, uniq_menkaure, uniq_duvessa, uniq_ijyb
D:5:      layout_basic, doesnt_xom_only_xom

Skill      XL: |  1  2  3  4 |
---------------+-------------+-----
Short Blades   | 3 4 |  4.1
Dodging        | 3 |  3.2
Stealth        | 8 |  8.1
Fighting       | |  2.6

Action                   |  1- 3 |  4- 6 || total
-------------------------+-------+-------++-------
Melee: Rapier            |     8 |    29 ||    37
       Short sword       |     6 |       ||     6
       Bite              |     1 |     4 ||     5
  Use: Scroll            |       |     1 ||     1
Armor: Leather armour    |     1 |     6 ||     7
Dodge: Dodged            |    10 |    16 ||    26

Table legend: (Time is in decaauts)
 A = Elapsed time spent in this place.
 B = Non-inter-level travel time spent in this place.
 C = Inter-level travel time spent in this place.
 D = Time resting spent in this place.
 E = Time spent auto-exploring this place.
 F = Levels seen in this place.
 G = Mean time per level.
                   A        B        C        D        E       F      G
               +--------+--------+--------+--------+--------+-----+--------+
         Total |    573 |    444 |    129 |     25 |    259 |   2 |  286.5 |
       Dungeon |    573 |    444 |    129 |     25 |    259 |   2 |  286.5 |
               +--------+--------+--------+--------+--------+-----+--------+

Top non-repeatable levels by time:
     D:5: 562 daAuts
     D:4: 11 daAuts
